 Dungeon Sprint DCSS version 0.18-a0-1784-ga939a68 (webtiles) character file.

414 Kidiri the Covert (level 6, -11/32 HPs)
             Began as a Spriggan Enchanter on Apr 18, 2016.
             Mangled by a boulder beetle (42 damage)
             ... in the Dungeon (Sprint II: "The Violet Keep of Menkaure").
             The game lasted 00:01:48 (377 turns).

Kidiri the Covert (Spriggan Enchanter)               Turns: 377, Time: 00:01:49

Health: -11/32     AC:  3    Str:  4    XL:     6   Next: 60%
Magic:  4/17       EV: 25    Int: 17    God:
Gold:   486        SH:  0    Dex: 18    Spells: 5 memorised, 8 levels left

rFire  . . .     SeeInvis +     a - +1 dagger
rCold  . . .     Gourm    .     b - +1 robe
rNeg   . . .     Faith    .     (shield restricted)
rPois  .         Spirit   .     (helmet restricted)
rElec  .         Dismiss  .     (no cloak)
rCorr  .         Reflect  .     (gloves unavailable)
SustAt .         Harm     .     (boots unavailable)
MR     +....     NoTele   +     (no amulet)
Stlth  +++++.....               (no ring)
                                (no ring)

@: very quick, somewhat resistant to hostile enchantments, quite stealthy
A: unfitting armour, see invisible, herbivore 3, speed 3, slow metabolism 2
a: no special abilities


You were in the Dungeon.
You were not hungry.

You visited 1 branch You collected 486 gold pieces.

Inventory:

Hand Weapons
 a - a +1 dagger (weapon)
Armour
 b - a +1 robe (worn)
Scrolls
 j - a scroll of blinking
Potions
 f - a potion of heal wounds
 g - a potion of haste
 h - a potion of magic
Books
 c - a book of Maledictions

   Spells                             Type                      Level
   a - Corona                         Hexes                        1
   b - Ensorcelled Hibernation        Hexes/Ice                    2
   c - Confuse                        Hexes                        3
   d - Tukima's Dance                 Hexes                        3
   e - Dazzling Spray                 Conjuration/Hexes            3
Comestibles
 d - a bread ration


   Skills:
 + Level 3.2 Fighting
 * Level 6.3 Short Blades
 + Level 3.1 Armour
 * Level 8.8 Dodging
 * Level 10.0 Stealth
 * Level 7.6 Spellcasting
 + Level 0.0 Conjurations
 + Level 6.1 Hexes
 + Level 2.7 Ice Magic


You had 8 spell levels left.
You knew the following spells:

 Your Spells              Type           Power        Failure   Level  Hunger
a - Corona                Hex            ####...      1%          1    None
b - Ensorcelled Hibernat  Hex/Ice        ###...       2%          2    None
c - Confuse               Hex            ####....     2%          3    ##.....
d - Tukima's Dance        Hex            ####....     2%          3    ##.....
e - Dazzling Spray        Conj/Hex       ###.....     12%         3    ##.....


Dungeon Overview and Level Annotations

Branches:
Dungeon (1/1)

Altars:


Innate Abilities, Weirdness & Mutations

You are tiny and cannot use many weapons and most armour.
You have supernaturally acute eyesight.
You are a herbivore.
You cover ground extremely quickly.
You need consume almost no food.


Message History

Confirm with . or Enter, or press ? or * to list all spells.
Aiming: Confuse
Press: ? - help, Shift-Dir - straight line, f/p - boulder beetle
Aim: a boulder beetle (chance to defeat MR: 38%)
The boulder beetle resists with some effort.
The boulder beetle twitches its antennae in your direction.
The boulder beetle completely misses you.
Casting: Confuse
Confirm with . or Enter, or press ? or * to list all spells.
Aiming: Dazzling Spray
Press: ? - help, Shift-Dir - straight line, f/p - boulder beetle
Aim: a boulder beetle The spray of energy hits the boulder beetle.
The boulder beetle is lightly wounded.
The boulder beetle is dazzled.
You hit the boulder beetle but do no damage.
The boulder beetle is lightly wounded.
The boulder beetle bites you!!!
Ouch! That really hurt!
You die...

##+## ##.#.##
#..#.%# #
###.##### ##n
#'###.##
#.n.##.##...#
#+.<)'.#.+
#.n.##@##...#
##n #B###.##
# $#B ### ..
.. ##. .## ##
##


You could see 2 boulder beetles.

Vanquished Creatures
  4 worker ants (D)
4 creatures vanquished.

Vanquished Creatures (collateral kills)
  A siren (D)
1 creature vanquished.

Vanquished Creatures (others)
  A crocodile (D)
1 creature vanquished.

Grand Total: 6 creatures vanquished

Notes
Turn   | Place    | Note
--------------------------------------------------------------
     0 | D        | Kidiri the Spriggan Enchanter began the quest for the Orb.
     0 | D        | Reached XP level 1. HP: 9/9 MP: 5/5
     1 | D        | Noticed a worker ant
     1 | D        | Noticed a worker ant
     3 | D        | Noticed a worker ant
     3 | D        | Noticed a worker ant
    10 | D        | Killed a worker ant
    10 | D        | Reached skill level 1 in Fighting
    10 | D        | Reached skill level 5 in Stealth
    10 | D        | Reached XP level 2. HP: 14/14 MP: 4/7
    14 | D        | Reached skill level 1 in Armour
    14 | D        | Reached skill level 5 in Dodging
    14 | D        | Reached skill level 6 in Stealth
    14 | D        | Reached XP level 3. HP: 11/18 MP: 4/9
   172 | D        | Learned a level 2 spell: Ensorcelled Hibernation
   176 | D        | Learned a level 3 spell: Confuse
   180 | D        | Learned a level 3 spell: Tukima's Dance
   184 | D        | Reached XP level 4. HP: 22/22 MP: 9/11
   191 | D        | Reached skill level 7 in Stealth
   191 | D        | Reached skill level 5 in Spellcasting
   249 | D        | Noticed a necrophage
   249 | D        | Noticed a necrophage
   249 | D        | Noticed a necrophage
   249 | D        | Noticed a necrophage
   252 | D        | Noticed a boulder beetle
   252 | D        | Noticed a boulder beetle
   255 | D        | Noticed a siren
   267 | D        | Killed a crocodile
   274 | D        | Killed a siren
   274 | D        | Reached skill level 10 in Stealth
   274 | D        | Reached XP level 5. HP: 19/28 MP: 4/16
   274 | D        | Reached XP level 6. HP: 22/32 MP: 4/17
   279 | D        | Learned a level 3 spell: Dazzling Spray
   377 | D        | Mangled by a boulder beetle

Vault maps used:
D:        the_violet_keep_of_menkaure

Skill      XL: |  1  2  3  4 |
---------------+-------------+-----
Fighting       | 1 3 |  3.2
Short Blades   | 2 3 6 |  6.3
Dodging        | 4 5 8 |  8.8
Stealth        | 5 6 10 | 10.0
Spellcasting   | 3 4 7 |  7.6
Hexes          | 4 6 |  6.1
Armour         | 1 3 |  3.1
Ice Magic      | 2 |  2.7

Action                   |  1- 3 |  4- 6 || total
-------------------------+-------+-------++-------
Melee: Dagger            |     8 |     9 ||    17
 Cast: Corona            |     1 |     2 ||     3
       Tukima's Dance    |       |     5 ||     5
       Ensorcelled Hiber |       |     6 ||     6
       Confuse           |       |     2 ||     2
       Dazzling Spray    |       |     1 ||     1
  Use: Potion            |     2 |     1 ||     3
 Stab: Sleeping          |     1 |     1 ||     2
       Distracted        |       |     2 ||     2
Dodge: Dodged            |     4 |     4 ||     8
